 Dungeon Crawl Stone Soup version 0.23.1 (webtiles) character file.

Game seed: 7567532223708396701

52 Kairos the Skirmisher (level 3, -2/20 HPs)
             Began as a Vine Stalker Fighter on Mar 2, 2019.
             Was an Initiate of Okawaru.
             Slain by a leopard gecko (3 damage)
             ... on level 3 of the Dungeon.
             The game lasted 00:01:52 (1672 turns).

Kairos the Skirmisher (Vine Stalker Fighter)        Turns: 1672, Time: 00:01:53

Health: -2/20      AC:  9    Str: 19    XL:     3   Next: 85%
Magic:  0/4        EV:  5    Int:  8    God:    Okawaru [......]
Gold:   70         SH:  9    Dex: 13    Spells: 2/2 levels left

rFire    . . .     SeeInvis .   a - +0 war axe
rCold    . . .     Gourm    .   c - +0 shield
rNeg     . . .     Faith    .   j - +0 chain mail
rPois    .         Spirit   +   (no helmet)
rElec    .         Reflect  .   (no cloak)
rCorr    .         Harm     .   (no gloves)
MR       .....                  (no boots)
Stlth    ..........             n - amulet of inaccuracy (curse)
HPRegen  0.06/turn              (no ring)
MPRegen  0.09/turn              (no ring)

@: no status effects
A: fangs 2, magic shield, antimagic bite, no potion heal 3, rot immunity
a: Renounce Religion


You were on level 3 of the Dungeon.
You worshipped Okawaru.
Okawaru was noncommittal.
You were hungry.

You visited 1 branch of the dungeon, and saw 3 of its levels.

You collected 70 gold pieces.

Inventory:

Hand Weapons
 a - a +0 war axe (weapon)
Missiles
 s - a throwing net (quivered)
Armour
 b - a +0 scale mail
 c - a +0 shield (worn)
 j - a +0 chain mail (worn)
Jewellery
 n - a cursed amulet of inaccuracy (around neck)
 r - an uncursed amulet of magic regeneration {unknown}
Wands
 p - a wand of disintegration (10)
 q - a wand of acid (11)
Scrolls
 i - 2 scrolls of magic mapping
 o - 4 scrolls of identify
Potions
 d - a potion of might
 e - a potion of cancellation {unknown}
 g - a potion of berserk rage
 h - a potion of curing
 l - a potion of agility {unknown}
 m - a potion of mutation {unknown}
Comestibles
 f - 3 rations


   Skills:
 + Level 3.2 Fighting
 + Level 2.2 Axes
 + Level 3.0 Armour
 + Level 3.0 Shields


You had 2 spell levels left.
You didn't know any spells.
Your spell library was empty.

Dungeon Overview and Level Annotations

Branches:
Dungeon (3/15)

Altars:
Ashenzari
Gozag
Kikubaaqudgha
Okawaru
Xom


Innate Abilities, Weirdness & Mutations

You have extremely sharp teeth.
When hurt, damage is shared between your health and your magic reserves.
Your bite disrupts and absorbs the magic of your enemies.
Potions cannot restore your health.
You are immune to rotting.


Message History

You miss the leopard gecko. The leopard gecko closely misses you.
The leopard gecko bites you.
You miss the leopard gecko. Your bite misses the leopard gecko.
The leopard gecko bites you.
The leopard gecko bites you but does no damage.
You miss the leopard gecko. Your bite misses the leopard gecko.
The leopard gecko bites you but does no damage.
You block the leopard gecko's attack.
You barely miss the leopard gecko. Your bite misses the leopard gecko.
The leopard gecko barely misses you.
You closely miss the leopard gecko. The leopard gecko bites you.
* * * LOW HITPOINT WARNING * * *
The leopard gecko bites you.
* * * LOW HITPOINT WARNING * * *
You miss the leopard gecko. You block the leopard gecko's attack.
The leopard gecko bites you.
* * * LOW HITPOINT WARNING * * *
You closely miss the leopard gecko. Your bite misses the leopard gecko.
The leopard gecko bites you.
You die...

......................
..................#
........#.......#.#
#######.#.#####.#.# .
########.#.......#.##### ..
#........#######........ ...
#...............<.......
....#........#######........
#.............l@............
#........#############.#####
#........# .. #........# ...
.........# .... .........#
.... ..######.# . ..# ..#


You could see a leopard gecko.

Vanquished Creatures
  An adder (D:2)
  4 dart slugs
  A leopard gecko (D:1)
  3 bats (D:2)
  3 hobgoblins
  5 jackals
  6 kobolds
  A quokka (D:2)
  2 frilled lizards
  3 goblins (D:1)
  3 rats
32 creatures vanquished.

Notes
Turn   | Place    | Note
-------+----------+-------------------------------------------
     0 | D:1      | Kairos the Vine Stalker Fighter began the quest for the
                  | Orb.
     0 | D:1      | Reached XP level 1. HP: 11/11 MP: 2/2
    55 | D:1      | Reached XP level 2. HP: 11/16 MP: 3/3
   815 | D:2      | Reached XP level 3. HP: 20/20 MP: 4/4
   986 | D:2      | Found an opulent altar of Gozag.
  1048 | D:2      | Found an iron altar of Okawaru.
  1048 | D:2      | Found a shattered altar of Ashenzari.
  1179 | D:2      | Became a worshipper of Warmaster Okawaru
  1343 | D:2      | Found an ancient bone altar of Kikubaaqudgha.
  1380 | D:2      | Found a faded altar of an unknown god.
  1414 | D:2      | Found a shimmering altar of Xom.
  1671 | D:3      | HP: 1/20 [leopard gecko (3)]
  1672 | D:3      | Slain by a leopard gecko

Skill      XL: |  1  2  3 |
---------------+----------+-----
Fighting       | 3 |  3.2
Axes           | 2 |  2.2
Shields        | 3 |  3.0
Armour         | 3 |  3.0

Action                   || total
-------------------------++-------
Melee: War axe           ||   101
       Bite              ||    23
  Use: Scroll            ||     4
       Potion            ||     1
  Eat: Chunk             ||     2
Armor: Scale mail        ||     7
       Chain mail        ||    47
Dodge: Dodged            ||    37
Block: Shield            ||    51
